 Dungeon Crawl Stone Soup version 0.22-a0-322-g60b3cfd (webtiles) character file.

61 sankara the Sneak (level 4, -3/27 HPs)
             Began as an Octopode Ice Elementalist on Apr 2, 2018.
             Slain by Blork the orc
             ... wielding a +0 scimitar
              (10 damage)
             ... on level 4 of the Dungeon.
             The game lasted 00:05:47 (1783 turns).

sankara the Sneak (Octopode Ice Elementalist)       Turns: 1783, Time: 00:05:48

Health: -3/27      AC:  1    Str:  7    XL:     4   Next: 7%
Magic:  6/7        EV: 13    Int: 18    God:
Gold:   81         SH:  0    Dex: 12    Spells: 4/8 levels left

rFire    . . .     SeeInvis .   a - +0 dagger
rCold    . . .     Gourm    .   (no shield)
rNeg     . . .     Faith    .   (helmet restricted)
rPois    .         Spirit   .   (no amulet)
rElec    .         Reflect  .   (no ring)
rCorr    .         Harm     .   (no ring)
MR       .....                  (no ring)
Stlth    ++++......             (no ring)
HPRegen  0.09/turn              (no ring)
MPRegen  0.10/turn              (no ring)
                                (no ring)
                                (no ring)

@: very slightly contaminated, invisible
A: almost no armour, stealthy swim, amphibious, 8 rings, constrict 8, camouflage
1, gelatinous body 1
a: no special abilities


You were on level 4 of the Dungeon.
You were not hungry.

You visited 1 branch of the dungeon, and saw 3 of its levels.

You collected 81 gold pieces.

Inventory:

Hand Weapons
 a - a +0 dagger (weapon)
   (You found it on level 1 of the Dungeon)
 o - a +0 spear of piercing
   (You found it on level 2 of the Dungeon)
Missiles
 e - 61 stones (quivered)
 n - 25 sling bullets
Wands
 m - a wand of iceblast (7)
   (You found it on level 2 of the Dungeon)
Scrolls
 i - 2 scrolls of identify
Potions
 c - a potion of invisibility
 g - a potion of brilliance {unknown}
 h - 2 potions of magic
 j - a potion of agility
 k - a potion of curing
 l - 3 potions of heal wounds
 q - a potion of resistance {unknown}
Comestibles
 b - 2 rations
 d - 2 chunks of flesh {@w0}


   Skills:
 - Level 2.0 Dodging
 * Level 4.5 Stealth
 + Level 2.5 Spellcasting
   Level 1.0 Conjurations
 + Level 0.6 Charms
 + Level 3.4 Ice Magic


You had 4 spell levels left.
You knew the following spells:

 Your Spells              Type           Power        Failure   Level  Hunger
a - Freeze                Ice            ##..         4%          1    #......
b - Ozocubu's Armour      Chrm/Ice       #.......     22%         3    ###....


Dungeon Overview and Level Annotations

Branches:
Dungeon (2/15)

Altars:

Annotations:
D:4 Blork the orc


Innate Abilities, Weirdness & Mutations

You cannot wear most types of armour.
You are very stealthy in the water. (Stealth+)
You are amphibious.
You can wear up to eight rings at the same time.
You can use your tentacles to constrict eight enemies at once.
Your skin changes colour to match your surroundings (Stealth+).
Your rubbery body absorbs attacks. (AC +1, EV +1)


Message History

Key pressed, stopping explore.
Eating one of 4 chunks of flesh {@w0}.
You eat one of the 4 chunks of flesh {@w0}.
This raw flesh tastes terrible.
q - a grey potion
There is an escape hatch in the floor here.
r - a scroll labeled WAZIRU PAIKH You fall through a shaft for 2 floors!
The shaft crumbles and collapses.
An adder comes into view.
The helpless adder fails to defend itself.
You puncture the adder! Your grab misses the adder.
The adder is almost dead.
The adder misses you.
Casting: Freeze (safe; 4% risk of failure)
Confirm with . or Enter, or press ? or * to list all spells.
Aiming: Freeze (safe; 4% risk of failure)
Press: ? - help, Shift-Dir - straight line, f - adder
Aim: an adder (almost dead)
You freeze the adder.
You kill the adder!
You have reached level 4!
You see here an adder corpse.
You butcher the adder corpse.
d - 5 chunks of flesh {@w0} (gained 2)
You see here an adder skeleton.
As you read the scroll labeled TURUKL UTTU, it crumbles to dust.
Your +0 dagger glows pulsating charcoal for a moment.
It was a scroll of random uselessness.
Blink to where?
Press: ? - help, Dir - move target cursor You are very lightly contaminated with residual magic.
As you read the scroll labeled WAZIRU PAIKH, it crumbles to dust.
It was a scroll of blinking.
As you read the scroll labeled ZET ONOOLO, it crumbles to dust.
It is a scroll of identify.
l - 3 potions of heal wounds
As you read the scroll of identify, it crumbles to dust.
i - 2 potions of invisibility Adjust (i)tems, (s)pells, or (a)bilities?
Adjust which item? (? for menu, Esc to quit)
c - 6 scrolls of identify Adjust to which letter? (? for menu, Esc to quit)
i - 6 scrolls of identify;
c - 2 potions of invisibility
As you read the scroll of identify, it crumbles to dust.
h - 2 potions of magic
As you read the scroll of identify, it crumbles to dust.
p - 2 potions of degeneration Drop what? 16/52 slots (_ for help) (? for menu, Esc to quit)
You drop 2 potions of degeneration {!q}.
As you read the scroll of identify, it crumbles to dust.
j - a potion of agility
As you read the scroll of identify, it crumbles to dust.
k - a potion of curing You open the door.
There is an open door here.
Marking area around Blork the orc as unsafe for travelling.
Blork the orc comes into view.
He is wielding a scimitar.
You see here 20 gold pieces.
You now have 81 gold pieces (gained 20).
Blork the orc shouts!
You hear a bark!
Casting: Freeze (safe; 4% risk of failure)
Confirm with . or Enter, or press ? or * to list all spells.
Okay, then.
Casting: Freeze (safe; 4% risk of failure)
Confirm with . or Enter, or press ? or * to list all spells.
A film of ice covers your body!
A hound comes into view.
Your icy armour cracks and falls away as you move.
Blork the orc casts a spell at you. The puff of frost hits you!
There is an open door here.
You close the door.
You see here 2 potions of degeneration {!q}.
Something unseen opens the door.
You barely miss the hound. You grab the hound.
You constrict the hound, but do no damage.
The hound bites you.
Blork the orc gestures wildly while chanting.
Blork the orc seems to speed up.
The hound bites you.
* * * LOW HITPOINT WARNING * * *
You fade into invisibility!
You constrict the hound, but do no damage.
The hound barely misses you.
You release your grip on the hound.
The hound closely misses you.
Blork the orc frowns.
The hound bites you.
* * * LOW HITPOINT WARNING * * *
The hound closely misses you.
Some of the chunks of flesh in your inventory have rotted away.
Blork the orc screams, "I'll eat your brain!
And then I'll vomit it back up!"
Blork the orc closely misses you.
You hit Blork the orc. You grab Blork the orc.
Blork the orc is lightly wounded.
You constrict Blork the orc. Blork the orc closely misses you.
You hit Blork the orc but do no damage.
Blork the orc is lightly wounded.
You constrict Blork the orc, but do no damage.
The hound closely misses you. Blork the orc hits you with a scimitar!
You die...

#...# #...# #...# #...#
. #...# .. #...# ...
##!.# ###
....##########.o##...###
.............#.h@.......
.............'..........
.............#..........
####+#####..####.....##.
#### #.....# ......#
......+ ......#


You could see Blork the orc and a hound.

Vanquished Creatures
  2 adders
  2 worms (D:2)
  3 dart slugs (D:1)
  A leopard gecko (D:1)
  A ball python (D:1)
  2 giant cockroaches (D:2)
  5 goblins
  3 hobgoblins
  2 jackals (D:1)
  6 bats (D:1)
  2 frilled lizards
  A kobold (D:1)
  2 rats (D:1)
32 creatures vanquished.

Notes
Turn   | Place    | Note
-------+----------+-------------------------------------------
     0 | D:1      | sankara the Octopode Ice Elementalist began the quest for the Orb.
     0 | D:1      | Reached XP level 1. HP: 11/11 MP: 3/3
   101 | D:1      | Reached skill level 3 in Stealth
   144 | D:1      | Reached XP level 2. HP: 8/17 MP: 0/5
  1075 | D:1      | Reached XP level 3. HP: 20/21 MP: 6/6
  1090 | D:1      | Reached skill level 4 in Stealth
  1384 | D:2      | Learned a level 3 spell: Ozocubu's Armour
  1736 | D:2      | You fall through a shaft for 2 floors!
  1738 | D:4      | Reached XP level 4. HP: 27/27 MP: 5/7
  1759 | D:4      | Noticed Blork the orc
  1779 | D:4      | HP: 6/27 [hound (1)]
  1783 | D:4      | Slain by Blork the orc

Vault maps used:
D:1:      minmay_arrival_diagonal_passages
D:4:      kennysheep_mini_moat, uniq_blork_the_orc

Skill      XL: |  1  2  3 |
---------------+----------+-----
Stealth        | 3 4 |  4.5
Dodging        | |  2.0
Spellcasting   | |  2.5
Conjurations   | |  1.0
Charms         | |  0.6
Ice Magic      | |  3.4

Action                   |  1- 3 |  4- 6 || total
-------------------------+-------+-------++-------
Melee: Dagger            |    19 |     3 ||    22
       Constrict         |     5 |     2 ||     7
       Tentacles         |     4 |       ||     4
 Cast: Freeze            |    40 |     1 ||    41
       Ozocubu's Armour  |       |     1 ||     1
  Use: Scroll            |       |     8 ||     8
       Potion            |       |     1 ||     1
 Stab: Sleeping          |     7 |       ||     7
  Eat: Chunk             |     3 |       ||     3
Armor: Skin              |     4 |       ||     4
Dodge: Dodged            |    26 |     6 ||    32

Table legend:
 A = Spawn XP
 B = Non-spawn XP
 C = Spawn XP percentage of total XP
 D = Spawn monster count
 E = Non-spawn monster count
 F = Spawn count percentage of total count
 G = Total turns spent on level
                    A         B        C        D         E        F      G
               +---------+---------+-------+---------+---------+-------+---------
         Total |       0 |      88 |   0.0 |       0 |      32 |   0.0 |  1783
               +---------+---------+-------+---------+---------+-------+---------
           D:1 |       0 |      38 |   0.0 |       0 |      20 |   0.0 |  1131
           D:2 |       0 |      37 |   0.0 |       0 |      11 |   0.0 |   605
           D:4 |       0 |      13 |   0.0 |       0 |       1 |   0.0 |    47
               +---------+---------+-------+---------+---------+-------+---------

Vault maps used:
D:1:      minmay_arrival_diagonal_passages
D:4:      kennysheep_mini_moat, uniq_blork_the_orc

Table legend:
 A = Turns spent in this place as a percentage of turns spent in the entire game.
 B = Non-inter-level travel turns spent in this place as a percentage of non-inter-level travel turns spent in the entire game.
 C = Inter-level travel turns spent in this place as a percentage of turns spent in this place.
 D = Turns resting spent in this place as a percentage of non-inter-level travel turns spent in this place.
 E = Turns spent auto-exploring this place as a percentage of non-inter-level travel turns spent in this place.
 F = Non-inter-level travel turns spent in this place divided by the number of levels of this place that you've seen.
                   A       B       C       D       E      F
               +-------+-------+-------+-------+-------+----------------------
         Total | 100.0 | 100.0 |   0.2 |  36.5 |  39.9 | 593.3
       Dungeon | 100.0 | 100.0 |   0.2 |  36.5 |  39.9 | 593.3
               +-------+-------+-------+-------+-------+----------------------

Table legend:
 A = Kills in this place as a percentage of kills in entire the game.
 B = Kills by you in this place as a percentage of kills by you in the entire game.
 C = Kills by friends in this place as a percentage of kills by friends in the entire game.
 D = Other kills in this place as a percentage of other kills in the entire game.
 E = Experience gained in this place as a percentage of experience gained in the entire game.
 F = Experience gained in this place divided by the number of levels of this place that you have seen.
                   A       B       C       D       E      F
               +-------+-------+-------+-------+-------+----------------------
         Total | 100.0 | 100.0 |   N/A |   N/A | 100.0 |  29.3
       Dungeon | 100.0 | 100.0 |   N/A |   N/A | 100.0 |  29.3
               +-------+-------+-------+-------+-------+----------------------
